 Dungeon Crawl Stone Soup version 0.31.0-32-g396128a36d (webtiles) character file.

Game seed: 1598805978979895767

784 0gre the Chiller (level 7, 0/51 HPs)
             Began as a Gnoll Ice Elementalist on Apr 24, 2024.
             Slain by Pikel
             ... wielding a +1 whip of freezing
              (12 damage)
             ... on level 5 of the Dungeon on Apr 25, 2024.
             The game lasted 00:28:51 (3850 turns).

0gre the Chiller (Gnoll Ice Elementalist)           Turns: 3850, Time: 00:28:52

Health: 0/51       AC:  2    Str:  7    XL:     7   Next: 86%
Magic:  12/15      EV: 14    Int: 14    God:
Gold:   215        SH:  0    Dex: 15    Spells: 7/17 levels left

rFire   . . .        a - +1 long sword (elec)
rCold   . . .        (no shield)
rNeg    . . .        p - +0 robe
rPois   .            (no helmet)
rElec   .            (no cloak)
rCorr   .            (no gloves)
SInv    .            (no boots)
Will    .....        (no amulet)
Stlth   +++          (no ring)
HPRegen 0.28/turn    (no ring)
MPRegen 0.14/turn

%: no passive effects
@: no status effects
A: fangs 1, strong nose, distributed training
a: no special abilities


You were on level 5 of the Dungeon.
You visited 1 branch of the dungeon, and saw 5 of its levels.
You also visited: Sewer.

You collected 215 gold pieces.

Inventory:

Hand Weapons
 a - a +1 long sword of electrocution (weapon)
 b - a +0 sling
 c - a +0 halberd
 d - a +0 morningstar
Missiles
 f - 14 poisoned darts (quivered)
 j - 3 darts of dispersal
 w - a curare-tipped dart
 y - 6 boomerangs
Armour
 p - a +0 robe (worn)
Jewellery
 k - a +6 ring of strength
 n - the ring of Seapt {Fire ^Drain rPois Str+4}
   (You found it on level 2 of the Dungeon)

   [ring of fire]

   Fire:      It enhances your fire magic.
   Str+4:     It affects your strength (+4).
   rF+:       It protects you from fire.
   rC-:       It makes you vulnerable to cold.
   rPois:     It protects you from poison ^Drain: It drains your maximum health
   when unequipped.
Wands
 r - a wand of iceblast (8)
 s - a wand of light (8)
Scrolls
 e - 4 scrolls of identify {unknown}
 g - 7 scrolls of teleportation {unknown}
 h - 3 scrolls of immolation {unknown}
 i - 2 scrolls of fog {unknown}
 m - a scroll of fear {unknown}
 q - 2 scrolls of enchant weapon {unknown}
 v - a scroll of amnesia {unknown}
Potions
 l - a potion of magic
 o - 3 potions of heal wounds
 t - a potion of might {unknown}
 u - a potion of ambrosia {unknown}
 x - 2 potions of enlightenment
 z - a potion of curing


   Skills:
 + Level 2.8 Fighting
 + Level 2.8 Short Blades
 + Level 2.8 Long Blades
 + Level 2.8 Axes
 + Level 2.8 Maces & Flails
 + Level 2.8 Polearms
 + Level 2.8 Staves
 + Level 2.8 Ranged Weapons
 + Level 2.8 Throwing
 + Level 2.8 Armour
 + Level 5.4 Dodging
 + Level 5.1 Stealth
 + Level 2.8 Shields
 + Level 2.8 Unarmed Combat
 + Level 5.8 Spellcasting
 + Level 2.3 Conjurations
 + Level 2.3 Hexes
 + Level 2.3 Summonings
 + Level 2.3 Necromancy
 + Level 2.3 Translocations
 + Level 2.3 Fire Magic
 + Level 7.5 Ice Magic
 + Level 2.3 Air Magic
 + Level 2.3 Earth Magic
 + Level 2.3 Alchemy
 + Level 3.1 Invocations
 + Level 2.8 Evocations
 + Level 2.6 Shapeshifting


You had 7 spell levels left.
You knew the following spells:

 Your Spells              Type           Power      Damage    Failure   Level
a - Freeze                Ice            100%       1d10      1%          1
b - Frozen Ramparts       Ice            50%        1d8       2%          3
c - Hailstorm             Conj/Ice       17%        3d6       6%          3
d - Summon Ice Beast      Ice/Summ       17%        N/A       6%          3

Your spell library contained the following spells:

 Spells                   Type           Power      Damage    Failure   Level
 Ozocubu's Armour         Ice            25%        N/A       2%          3
 Blink                    Tloc           20%        N/A       10%         2
 Lesser Beckoning         Tloc           20%        N/A       10%         2
 Mercury Vapours          Alch/Air       20%        N/A       10%         2
 Momentum Strike          Conj/Tloc      20%        3d8       10%         2
 Gell's Gravitas          Tloc           10%        N/A       19%         3
 Mephitic Cloud           Conj/Alch/Air  10%        N/A       19%         3
 Teleport Other           Tloc           10%        N/A       19%         3
 Freezing Cloud           Conj/Ice/Air   7%         6-21      63%         5
 Sculpt Simulacrum        Ice/Alch       8%         N/A       97%         6
 Dispersal                Tloc           5%         N/A       100%        6


Dungeon Overview and Level Annotations

Branches:
Dungeon (5/15)              Sewer (visited)
 Temple: D:4-7

Altars:
Dithmenos
Fedhas
Hepliaklqana
Kikubaaqudgha
Nemelex Xobeh
Okawaru
Uskayaw
Yredelemnul

Annotations:
D:5 Pikel


Innate Abilities, Weirdness & Mutations

You have very sharp teeth.
Your uncanny sense of smell can sniff out nearby items.
Your experience applies equally to all skills.


Message History

The lemure is lightly wounded.
The lemure hits you!
You hit the lemure.
The lemure is moderately wounded.
Pikel looks more healthy.
The lemure hits you. The lemure misses you. The orc hits you with a +0 whip.
Casting: Frozen Ramparts (dangerous; 2% risk of failure)
Confirm with . or Enter, or press ? or * to list all spells.
Casting: Frozen Ramparts (dangerous; 2% risk of failure)
Press: ? - help, Dir - look around, f - activate The walls around you are covered in ice.
The wall freezes the orc!
You kill the orc!
The wall freezes the lemure but does no damage.
The wall freezes the lemure.
The lemure closely misses you.
You hit the lemure. You bite the lemure, but do no damage.
The lemure is heavily wounded.
The wall freezes the lemure but does no damage.
The lemure closely misses you.
The wall freezes the lemure.
The lemure hits you!
You slash the lemure!
The lemure is almost dead.
Pikel is no longer blind.
The wall freezes the lemure.
You kill the lemure!
That felt strangely unrewarding.
The wall freezes the lemure.
The lemure closely misses you.
You hit the lemure.
You kill the lemure!
That felt strangely unrewarding.
You hear the slow hiss of an avalanche of sand.
The frozen ramparts melt away.
You hit Pikel.
Pikel is almost dead.
Pikel hits you with a +1 whip of freezing!
* * * LOW HITPOINT WARNING * * *
Pikel freezes you.
* * * LOW HITPOINT WARNING * * *
Pikel hits you with a +1 whip of freezing!
You die...
Pikel says, "Another soul for the market."

##.## ###...# #.....#
.....## .....# #####
.....## ####...#
....†.###.##... ##
....#...#..##.####..#
...##......##.(K@.#
...##.......(...#...#
....#..##......###..#
....#.####....## +..#
......# #....## #.#
......##......# .#
...#..##....#..# #
..... #..####..# .
... .5.


You could see Pikel.

Vanquished Creatures
  4 lemures (D:5)
  2 kobold brigands (Sewer)
  2 scorpions
  A hound (D:4)
  3 jellies (D:2)
  Jessica (D:2)
  Ijyb (D:3)
  A sleepcap (D:5)
  2 iguanas (D:4)
  2 orc wizards (D:4)
  6 adders
  2 river rats (Sewer)
  11 orcs
  3 bats
  10 endoplasms
  4 giant cockroaches (D:4)
  6 hobgoblins
  6 jackals
  6 quokkas
  12 ball pythons
  2 frilled lizards
  8 goblins
  16 kobolds
  12 rats
123 creatures vanquished.

Vanquished Creatures (collateral kills)
  4 gnolls (D:3)
  A ball python (D:3)
5 creatures vanquished.

Grand Total: 128 creatures vanquished

Notes
Turn   | Place    | Note
-------+----------+-------------------------------------------
     0 | D:1      | 0gre the Gnoll Ice Elementalist began the quest for the
                  | Orb.
     0 | D:1      | Reached XP level 1. HP: 13/13 MP: 6/6
   152 | D:1      | Reached XP level 2. HP: 19/19 MP: 7/7
   504 | D:1      | Found a faded altar of an unknown god.
   623 | D:1      | Reached skill level 5 in Spellcasting
   623 | D:1      | Reached XP level 3. HP: 18/25 MP: 7/9
   629 | D:1      | Learned a level 3 spell: Frozen Ramparts
   737 | D:2      | Reached skill level 1 in Invocations
   857 | D:2      | Reached skill level 1 in Fighting
   857 | D:2      | Reached skill level 1 in Short Blades
   857 | D:2      | Reached skill level 1 in Long Blades
   857 | D:2      | Reached skill level 1 in Axes
   857 | D:2      | Reached skill level 1 in Maces & Flails
   857 | D:2      | Reached skill level 1 in Polearms
   857 | D:2      | Reached skill level 1 in Staves
   857 | D:2      | Reached skill level 1 in Ranged Weapons
   857 | D:2      | Reached skill level 1 in Throwing
   857 | D:2      | Reached skill level 1 in Armour
   857 | D:2      | Reached skill level 1 in Shields
   857 | D:2      | Reached skill level 1 in Unarmed Combat
   857 | D:2      | Reached skill level 1 in Evocations
  1047 | D:2      | Reached skill level 1 in Shapeshifting
  1047 | D:2      | Reached XP level 4. HP: 32/32 MP: 11/11
  1050 | D:2      | Identified the ring of Seapt {Fire ^Drain rPois Str+4}
  1242 | D:2      | Found a sparkling altar of Nemelex Xobeh.
  1242 | D:2      | Found a shadowy altar of Dithmenos.
  1242 | D:2      | Found a hazy altar of Hepliaklqana.
  1242 | D:2      | Found an iron altar of Okawaru.
  1242 | D:2      | Found a basalt altar of Yredelemnul.
  1242 | D:2      | Found a hazy altar of Hepliaklqana.
  1258 | D:2      | Reached skill level 1 in Conjurations
  1258 | D:2      | Reached skill level 1 in Hexes
  1258 | D:2      | Reached skill level 1 in Summonings
  1258 | D:2      | Reached skill level 1 in Necromancy
  1258 | D:2      | Reached skill level 1 in Translocations
  1258 | D:2      | Reached skill level 1 in Fire Magic
  1258 | D:2      | Reached skill level 1 in Air Magic
  1258 | D:2      | Reached skill level 1 in Earth Magic
  1258 | D:2      | Reached skill level 1 in Alchemy
  1264 | D:2      | Reached XP level 5. HP: 4/37 MP: 7/12
  1267 | D:2      | HP: 1/37 [frozen (4)]
  1474 | D:2      | Noticed Jessica
  1480 | D:2      | Killed Jessica
  1718 | D:2      | Learned a level 3 spell: Hailstorm
  1722 | D:2      | Learned a level 3 spell: Summon Ice Beast
  1782 | D:3      | Reached XP level 6. HP: 44/44 MP: 7/13
  1946 | D:3      | Found an iron altar of Okawaru.
  1952 | D:3      | Reached skill level 5 in Dodging
  1997 | D:3      | Noticed Ijyb
  2004 | D:3      | Killed Ijyb
  2034 | D:3      | Found an ancient bone altar of Kikubaaqudgha.
  2040 | D:3      | Found a blossoming altar of Fedhas.
  2414 | D:3      | Found a hazy altar of Hepliaklqana.
  2804 | D:4      | Found a glowing drain.
  2832 | Sewer    | Entered a sewer
  2975 | Sewer    | Reached XP level 7. HP: 20/51 MP: 7/15
  3046 | Sewer    | Found a white marble altar of Elyvilon.
  3261 | D:4      | Reached skill level 5 in Stealth
  3604 | D:4      | Found a hide-covered altar of Uskayaw.
  3699 | D:5      | Entered Level 5 of the Dungeon
  3819 | D:5      | Noticed Pikel
  3850 | D:5      | Slain by Pikel

Illustrated notes

Levels and vault maps discovered:
D:1:      kennysheep_arrival_forest, layout_rooms,
          nicolae_ecumenical_snake_handling
D:2:      cheibrodos_fertilizer, layout_basic, uniq_jessica
D:3:      layout_basic, grunt_temple_overflow_growth_and_decay,
          mainiacjoe_overflow_concentric_impassable, marbit_many_paths,
          amcnicky_mini_rare_corridor_liquid, uniq_ijyb
D:4:      layout_loops_ring, lemuel_round_altar, portal_sewer_entry_f
D:5:      layout_cave_pools, slow_altar_2, enter_ossuary_5,
          cheibrodos_gnoll_hut, uniq_pikel

Skill      XL: |  1  2  3  4  5  6  7 |
---------------+----------------------+-----
Spellcasting   | 5 |  5.8
Invocations    | 1 2 3 |  3.1
Fighting       | 1 2 |  2.8
Short Blades   | 1 2 |  2.8
Long Blades    | 1 2 |  2.8
Axes           | 1 2 |  2.8
Maces & Flails | 1 2 |  2.8
Polearms       | 1 2 |  2.8
Staves         | 1 2 |  2.8
Ranged Weapons | 1 2 |  2.8
Throwing       | 1 2 |  2.8
Armour         | 1 2 |  2.8
Shields        | 1 2 |  2.8
Unarmed Combat | 1 2 |  2.8
Evocations     | 1 2 |  2.8
Shapeshifting  | 1 2 |  2.6
Conjurations   | 1 2 |  2.3
Hexes          | 1 2 |  2.3
Summonings     | 1 2 |  2.3
Necromancy     | 1 2 |  2.3
Translocations | 1 2 |  2.3
Fire Magic     | 1 2 |  2.3
Air Magic      | 1 2 |  2.3
Earth Magic    | 1 2 |  2.3
Alchemy        | 1 2 |  2.3
Dodging        | 5 |  5.4
Stealth        | 5 |  5.1
Ice Magic      | |  7.5

Action                     |  1- 3 |  4- 6 |  7- 9 || total
---------------------------+-------+-------+-------++-------
  Melee: Dagger            |    57 |    28 |       ||    85
         Bite              |     4 |     7 |     7 ||    18
         Punch             |       |     2 |       ||     2
         Long sword        |       |    54 |    38 ||    92
   Fire: Sling             |    12 |    54 |    21 ||    87
  Throw: Dart              |       |     2 |     3 ||     5
   Cast: Freeze            |    10 |    13 |     1 ||    24
         Frozen Ramparts   |       |    12 |    10 ||    22
         Summon Ice Beast  |       |     1 |       ||     1
  Evoke: Wand              |       |       |     1 ||     1
   Stab: Sleeping          |     3 |     2 |       ||     5
 Armour: Robe              |    42 |    47 |    20 ||   109
  Dodge: Dodged            |    74 |    65 |    25 ||   164
